 Dungeon Crawl Stone Soup version 0.18.1-6-gd335043 (webtiles) character file.

8691 epen the Schismatic (level 11, -3/84 HPs)
             Began as a Demonspawn Abyssal Knight on May 20, 2016.
             Was an Elder of Lugonu.
             Succumbed to a killer bee's poison
             ... on level 10 of the Dungeon.
             The game lasted 00:15:40 (9301 turns).

epen the Schismatic (Demonspawn Abyssal Knight)     Turns: 9301, Time: 00:15:41

Health: -3/84      AC: 16    Str: 18    XL:     11   Next: 13%
Magic:  19/20      EV:  8    Int: 14    God:    Lugonu [****..]
Gold:   625        SH:  0    Dex: 12    Spells: 0 memorised, 10 levels left

rFire  . . .     SeeInvis .     Q - +3 great sword (freeze)
rCold  . . .     Gourm    .     O - +1 plate armour
rNeg   . . .     Faith    .     (shield currently unavailable)
rPois  .         Spirit   .     K - +1 hat
rElec  .         Dismiss  .     v - +0 cloak
rCorr  .         Reflect  .     (no gloves)
SustAt .         Harm     .     (no boots)
MR     .....                    P - amulet of magic regeneration
Stlth  ..........               N - +2 ring of strength
                                t - +4 ring of slaying

@: lethally poisoned (-3 -> -41), about to teleport, not resistant to hostile
enchantments, extremely unstealthy
A: hooves 2, powered by death 1, powered by pain 2
a: Depart the Abyss, Bend Space, Banish, Corrupt, Renounce Religion


You were on level 10 of the Dungeon.
You worshipped Lugonu.
Lugonu was greatly pleased with you.
You were not hungry.

You visited 1 branch of the dungeon, and saw 10 of its levels.
You visited the Abyss 1 time.

You collected 625 gold pieces.

Inventory:

Hand Weapons
 a - a +1 falchion
 f - a +0 dagger of venom
 Q - a +3 great sword of freezing (weapon)
Armour
 b - a +0 leather armour
 k - a +0 ring mail
 v - a +0 cloak (worn)
 w - a +0 helmet
 K - a +1 hat (worn)
 O - a +1 plate armour (worn)
Jewellery
 t - a +4 ring of slaying (left hand)
 C - an uncursed ring of stealth {unknown}
 E - an uncursed ring of fire
 J - an uncursed ring of protection from magic
 N - a +2 ring of strength (right hand)
 P - an amulet of magic regeneration (around neck)
 R - an uncursed ring of positive energy {unknown}
Wands
 n - a wand of confusion (17/48)
 D - a wand of enslavement (22/24)
 G - a wand of lightning (8/15)
 M - a wand of flame (21/48)
Scrolls
 d - a scroll of random uselessness
 g - 5 scrolls of remove curse
 j - 3 scrolls of immolation
 l - 4 scrolls of fear
 m - 10 scrolls of identify
 p - 2 scrolls of fog
 s - 4 scrolls of recharging
 y - 2 scrolls of teleportation
Potions
 e - 2 potions of might
 h - 2 potions of flight {unknown}
 o - 3 potions of magic {unknown}
 r - a potion of beneficial mutation {unknown}
 u - 2 potions of haste {unknown}
 x - 2 potions of ambrosia {unknown}
 z - 3 potions of curing {unknown}
 A - 3 potions of invisibility {unknown}
 F - a potion of heal wounds {unknown}
 H - a potion of degeneration {unknown}
 L - a potion of brilliance {unknown}
Comestibles
 c - 6 bread rations
 i - 4 chunks of flesh
 q - 9 fruits
 B - 4 meat rations
 I - 4 beef jerkies


   Skills:
 + Level 7.1 Fighting
 * Level 8.6 Long Blades
 + Level 6.3 Armour
 + Level 6.1 Dodging
 * Level 12.3 Invocations


You had 10 spell levels left.
You didn't know any spells.

Dungeon Overview and Level Annotations

Branches:
Dungeon (10/15)            Temple (0/1) D:6            Lair (0/8) D:10
    Orc (0/2) D:10

Altars:
Kikubaaqudgha
Okawaru
Ru
Vehumet

Shops:
D:5 }


Innate Abilities, Weirdness & Mutations

You have hoof-like feet.
You regenerate a little health from kills.
You sometimes gain power by taking damage.


Message History

As you read the scroll of teleportation, it crumbles to dust.
You feel strangely unstable.
* * * LOW HITPOINT WARNING * * *
You feel very sick. The killer bee closely misses you.
The killer bee stings you but does no damage.
The killer bee barely misses you.
The killer bee stings you but does no damage.
The killer bee stings you.
* * * LOW HITPOINT WARNING * * *
You are more poisoned.
The killer bee poisons you! The killer bee stings you.
* * * LOW HITPOINT WARNING * * *
The killer bee barely misses you. x2
Drink which item? (? for menu, Esc to quit)
Okay, then.
Space bends sharply around you!
The killer bee blinks! x3; You blink.
* * * LOW HITPOINT WARNING * * *
You feel slightly more hungry.
You die...

#..........#
#..........#
#..........#
#...........
#.y.........
#...........
#....y.._...
#...@.......
#§y........#
#§§.......[#
#.§.##.....#
#...# .....#
#...# .....#
#...# ....#
#######...#
....#
#.....#.y.#


You could see 3 killer bees.

Vanquished Creatures
  2 trolls
  Grinder (D:5)
  4 slime creatures (D:10)
  5 yaks
  Eustachio (D:4)
  A hungry ghost (D:4)
  A hippogriff (D:9)
  A water moccasin (D:9)
  2 black bears
  3 orc warriors
  3 ice beasts
  A necrophage (D:6)
  2 sky beasts
  2 phantoms
  5 ogres
  5 centaurs
  A big kobold (D:8)
  5 giant frogs
  2 scorpions
  13 wights
  3 killer bees
  An oklob sapling (D:6)
  2 centaur zombies
  3 howler monkeys
  5 crimson imps
  3 jellies
  Crazy Yiuf (D:4)
  4 orc priests
  6 hounds
  A centaur skeleton (D:6)
  Natasha (twice) (D:2)
  3 iguanas
  8 worker ants
  4 orc wizards
  Robin (D:4)
  3 gnolls (D:5)
  13 adders
  2 shadow imps (D:5)
  An ooze (D:4)
  4 adder skeletons
  3 worms
  2 dart slugs
  4 giant geckos
  23 orcs
  3 giant cockroaches
  17 goblins
  9 hobgoblins
  8 jackals
  7 kobolds
  6 quokkas
  3 ball pythons
  11 bats
  A giant gecko zombie (D:8)
  7 giant newts
  A quokka skeleton (D:5)
  6 rats
  A plant (D:6)
242 creatures vanquished.

Vanquished Creatures (others)
  The ghost of Lovchig the Cleaver, a novice MiFi of Makhleb (D:7)
  The ghost of M4edhros the Spear-Bearer, a novice FoFi (D:5)
  The ghost of MirrMurr the Ruffian, a novice TrHu (D:6)
  2 slime creatures (D:10)
  An ice beast (D:8)
  3 centaurs (D:10)
9 creatures vanquished.

Grand Total: 251 creatures vanquished

Notes
Turn   | Place    | Note
--------------------------------------------------------------
     0 | Abyss:1  | epen the Demonspawn Abyssal Knight began the quest for the Orb.
     0 | Abyss:1  | Reached XP level 1. HP: 18/18 MP: 2/2
    76 | Abyss:1  | Noticed an orange demon
    81 | D:1      | Escaped the Abyss
   267 | D:1      | Reached skill level 1 in Dodging
   273 | D:1      | Gained mutation: You have large cloven feet. [demonic ancestry]
   273 | D:1      | Reached XP level 2. HP: 13/24 MP: 3/3
   324 | D:1      | Reached * piety under Lugonu
   741 | D:1      | Reached XP level 3. HP: 20/29 MP: 5/5
   750 | D:1      | Reached skill level 3 in Invocations
  1649 | D:2      | Reached ** piety under Lugonu
  1697 | D:2      | Noticed Natasha
  1712 | D:2      | Killed Natasha
  1712 | D:2      | Reached skill level 4 in Invocations
  1712 | D:2      | Gained mutation: You regenerate a little health from kills. [demonic ancestry]
  1712 | D:2      | Reached XP level 4. HP: 29/35 MP: 5/7
  1909 | D:2      | Noticed Natasha
  1916 | D:2      | Killed Natasha
  2206 | D:3      | Reached XP level 5. HP: 41/41 MP: 8/8
  2807 | D:4      | Noticed Crazy Yiuf
  2822 | D:4      | Killed Crazy Yiuf
  2860 | D:4      | Reached skill level 5 in Invocations
  2962 | D:4      | Noticed Eustachio
  2983 | D:4      | Killed Eustachio
  2983 | D:4      | Reached XP level 6. HP: 48/48 MP: 8/10
  3009 | D:4      | Noticed a hungry ghost
  3060 | D:4      | Killed a hungry ghost
  3060 | D:4      | Gained mutation: You sometimes gain a little power by taking damage. [demonic ancestry]
  3060 | D:4      | Reached XP level 7. HP: 33/54 MP: 11/11
  3128 | D:4      | Reached *** piety under Lugonu
  3130 | D:4      | Noticed Robin
  3156 | D:4      | Killed Robin
  3156 | D:4      | Reached skill level 6 in Invocations
  3182 | D:4      | Found an iron altar of Okawaru.
  3494 | D:5      | Entered Level 5 of the Dungeon
  3598 | D:5      | Noticed M4edhros's ghost (novice FoFi)
  3614 | D:5      | Banished M4edhros's ghost
  3614 | D:5      | Reached skill level 5 in Long Blades
  3614 | D:5      | Reached skill level 7 in Invocations
  3614 | D:5      | Gained mutation: You have hoof-like feet. [demonic ancestry]
  3614 | D:5      | Reached XP level 8. HP: 44/61 MP: 13/13
  3875 | D:5      | Reached **** piety under Lugonu
  3891 | D:5      | Found Vusmuh's Quality Used Wands.
  4091 | D:5      | Noticed Grinder
  4109 | D:5      | Killed Grinder
  4109 | D:5      | Reached skill level 5 in Fighting
  4109 | D:5      | Reached skill level 8 in Invocations
  4329 | D:6      | Noticed MirrMurr's ghost (novice TrHu)
  4330 | D:6      | Banished MirrMurr's ghost
  4332 | D:6      | Found a staircase to the Ecumenical Temple.
  4423 | D:6      | Reached XP level 9. HP: 65/68 MP: 15/15
  4509 | D:6      | You fall through a shaft for 2 floors!
  4756 | D:7      | Noticed Lovchig's ghost (novice MiFi)
  4760 | D:7      | Banished Lovchig's ghost
  4760 | D:7      | Reached skill level 9 in Invocations
  4834 | D:7      | Found an ancient bone altar of Kikubaaqudgha.
  5897 | D:7      | Reached skill level 5 in Armour
  5971 | D:7      | Reached skill level 10 in Invocations
  6392 | D:8      | Reached skill level 5 in Dodging
  6398 | D:8      | Gained mutation: You sometimes gain power by taking damage. [demonic ancestry]
  6398 | D:8      | Reached XP level 10. HP: 60/76 MP: 17/17
  6606 | D:8      | Found a sacrificial altar of Ru.
  7486 | D:9      | Reached skill level 11 in Invocations
  8112 | D:9      | Reached ***** piety under Lugonu
  8427 | D:10     | Entered Level 10 of the Dungeon
  8651 | D:10     | Reached skill level 12 in Invocations
  8660 | D:10     | Reached XP level 11. HP: 11/84 MP: 15/20
  8694 | D:10     | Found a staircase to the Orcish Mines.
  8964 | D:10     | Found a staircase to the Lair.
  9285 | D:10     | Found a radiant altar of Vehumet.
  9301 | D:10     | HP: 2/84 [spatial distortion (3)]
  9301 | D:10     | Succumbed to a killer bee's poison

Skill      XL: |  1  2  3  4  5  6  7  8  9 10 |
---------------+-------------------------------+-----
Long Blades    | 2 3 4 5 7 8 |  8.6
Dodging        | 1 2 3 4 5 6 |  6.1
Armour         | 2 3 4 5 6 |  6.3
Invocations    | 4 5 7 8 10 12 | 12.3
Fighting       | 4 5 6 7 |  7.1

Action                   |  1- 3 |  4- 6 |  7- 9 | 10-12 || total
-------------------------+-------+-------+-------+-------++-------
Melee: Dagger            |   154 |   128 |   463 |    80 ||   825
       Falchion          |     2 |       |       |       ||     2
       Kick              |    21 |    29 |   145 |    76 ||   271
       Great sword       |       |       |       |   174 ||   174
Invok: Depart the Abyss  |     1 |       |       |       ||     1
       Banish            |       |       |     4 |     6 ||    10
       Bend Space        |       |       |       |     1 ||     1
  Use: Scroll            |       |       |       |    12 ||    12
  Eat: Chunk             |     3 |    11 |     9 |    12 ||    35
       Meat ration       |       |     1 |     1 |       ||     2
Armor: Leather armour    |    31 |       |       |       ||    31
       Ring mail         |    30 |    42 |   126 |       ||   198
       Plate armour      |       |       |    11 |   179 ||   190
Dodge: Dodged            |    97 |    61 |   189 |   132 ||   479
